Selects Airborne Battlegroup
Selects Heavy Machine Gun Paradrop
Selects Heavy Machine Gun Paradrop
Heavy Machine Gun Paradrop
Construct Weapon Support Center
M3 Armored Personnel Carrier
Construct Medical Station
Selects Paratrooper Squad Paradrop
Selects Anti-tank Gun Team Paradrop
Anti-tank Gun Team Paradrop
M1918 Browning Automatic Rifles
Selects Smoke Bombing Run
Anti-tank Gun Team Paradrop
Selects Dual P-47 Rocket Strike